 Dungeon Crawl Stone Soup version 0.26-a0-466-g989023bd0d (webtiles) character file.

Game seed: 8452211098617536770

1289 Mesmaeker13 the Chiller (level 8, -1/46 HPs)
             Began as an Octopode Ice Elementalist on Aug 2, 2020.
             Slain by an ice beast (6 damage)
             ... on level 5 of the Dungeon.
             The game lasted 00:07:47 (5169 turns).

Mesmaeker13 the Chiller (Octopode Ice Elementalist) Turns: 5169, Time: 00:07:47

Health: -1/46      AC:  1    Str:  7    XL:     8   Next: 55%
Magic:  15/15      EV: 16    Int: 19    God:
Gold:   195        SH:  0    Dex: 13    Spells: 10/17 levels left

rFire    . . .     SeeInvis .   o - +1 whip (flame)
rCold    + . .     Faith    .   (no shield)
rNeg     . . .     Spirit   .   (helmet restricted)
rPois    .         Reflect  .   (no amulet)
rElec    .         Harm     .   p - ring of protection from cold
rCorr    .                      (no ring)
MR       .....                  (no ring)
Stlth    +++.......             (no ring)
HPRegen  0.15/turn              (no ring)
MPRegen  0.14/turn              (no ring)
                                (no ring)
                                (no ring)

@: no status effects
A: almost no armour, stealthy swim, amphibious, 8 rings, constrict 8, camouflage
1, gelatinous body 1
a: no special abilities


You were on level 5 of the Dungeon.
You visited 2 branches of the dungeon, and saw 6 of its levels.

You collected 195 gold pieces.

Inventory:

Hand Weapons
 m - a +0 trident
 o - a +1 whip of flaming (weapon)
Missiles
 h - a throwing net (quivered)
Jewellery
 p - a ring of protection from cold (left tentacle)
Wands
 r - a wand of digging (4)
Scrolls
 b - a scroll of enchant weapon {unknown}
 c - 5 scrolls of teleportation
 e - 3 scrolls of remove curse
 f - 2 scrolls of noise {unknown}
 g - 2 scrolls of amnesia
Potions
 a - 2 potions of curing
 d - a potion of brilliance {unknown}
 i - a potion of haste {unknown}
 j - 3 potions of flight {unknown}
 k - a potion of stabbing {unknown}
 l - a potion of lignification {unknown}


   Skills:
 + Level 5.6 Dodging
 - Level 2.6 Stealth
 + Level 5.2 Spellcasting
 + Level 6.6 Ice Magic
 + Level 4.1 Evocations


You had 10 spell levels left.
You knew the following spells:

 Your Spells              Type           Power        Failure   Level
a - Freeze                Ice            ####         1%          1
b - Frozen Ramparts       Ice            ####..       2%          3
c - Ozocubu's Armour      Ice            ####....     2%          3

Your spell library contained the following spells:

 Spells                   Type           Power        Failure   Level
 Hailstorm                Conj/Ice       ###.....     30%         4
 Summon Ice Beast         Ice/Summ       ###.....     30%         4


Dungeon Overview and Level Annotations

Branches:
Dungeon (5/15)             Temple (1/1) D:4

Altars:
Ashenzari
Elyvilon
Fedhas
Kikubaaqudgha
Nemelex Xobeh
Qazlal
Ru
Trog
Uskayaw
Vehumet
Wu Jian
Xom
Yredelemnul
Zin
The Shining One

Annotations:
D:3 Grinder


Innate Abilities, Weirdness & Mutations

You cannot wear most types of armour.
You are very stealthy in the water. (Stealth+)
You are amphibious.
You can wear up to eight rings at the same time.
You can use your tentacles to constrict eight enemies at once.
Your skin changes colour to match your surroundings (Stealth+).
Your rubbery body absorbs attacks. (AC +1, EV +1)


Message History

The ice beast is moderately wounded.
The ice beast completely misses you.
You hit the ice beast.
You melt the ice beast.
The ice beast is heavily wounded.
The ice beast barely misses you.
You hit the ice beast but do no damage.
The ice beast is heavily wounded.
The ice beast hits you. The ice beast freezes you! You resist.
You hit the ice beast but do no damage.
The ice beast is heavily wounded.
The ice beast hits you.
* * * LOW HITPOINT WARNING * * *
The ice beast freezes you. You resist.
* * * LOW HITPOINT WARNING * * *
You completely miss the ice beast. Your squeeze misses the ice beast.
The ice beast is heavily wounded.
The ice beast closely misses you. The ice beast hits you.
* * * LOW HITPOINT WARNING * * *
The ice beast freezes you. You resist.
You die...

.#.....#..
..........
##.......... ##
............ ...
#...........
....##..........
......Y.......#
.......@.....#
.............# .
............## ...
....#.......#.....
........(.<......$
..##.##....#....#.
. ##....####...#
#.....# .....
........ ..#


You could see an ice beast.

Vanquished Creatures
  Pikel (D:4)
  Edmund (D:4)
  A phantom (D:4)
  2 ogres (D:4)
  3 lemures (D:4)
  3 orc wizards
  5 orc priests
  2 worker ants (D:4)
  3 hound skeletons (D:4)
  Robin (D:3)
  3 gnolls (D:2)
  5 adders
  5 oozes
  A dart slug (D:4)
  A leopard gecko (D:3)
  19 orcs
  A ball python (D:1)
  6 giant cockroaches
  13 goblins
  8 hobgoblins
  4 kobolds
  A quokka (D:3)
  9 bats
  A frilled lizard (D:4)
  8 rats
107 creatures vanquished.

Notes
Turn   | Place    | Note
-------+----------+-------------------------------------------
     0 | D:1      | Mesmaeker13 the Octopode Ice Elementalist began the quest
                  | for the Orb.
     0 | D:1      | Reached XP level 1. HP: 11/11 MP: 3/3
    81 | D:1      | Reached XP level 2. HP: 17/17 MP: 0/5
   462 | D:1      | Reached XP level 3. HP: 18/21 MP: 6/6
  1156 | D:2      | Found a glowing golden altar of the Shining One.
  1394 | D:2      | Found a stormy altar of Qazlal.
  1997 | D:2      | Learned a level 3 spell: Frozen Ramparts
  1999 | D:2      | Reached XP level 4. HP: 20/27 MP: 4/8
  2171 | D:2      | Found a bloodstained altar of Trog.
  2461 | D:3      | Noticed Grinder
  2563 | D:3      | Noticed Robin
  2574 | D:3      | Reached XP level 5. HP: 31/31 MP: 5/9
  2577 | D:3      | Killed Robin
  2594 | D:3      | Reached skill level 5 in Ice Magic
  2727 | D:3      | Found a shimmering altar of Xom.
  2896 | D:3      | Reached XP level 6. HP: 36/36 MP: 5/11
  2970 | D:3      | Found a sacrificial altar of Ru.
  3284 | D:4      | Reached skill level 1 in Evocations
  3372 | D:4      | Noticed Edmund
  3393 | D:4      | Killed Edmund
  3393 | D:4      | Reached XP level 7. HP: 29/41 MP: 3/13
  3531 | D:4      | Learned a level 3 spell: Ozocubu's Armour
  3811 | D:4      | Reached skill level 6 in Ice Magic
  4218 | D:4      | Found a staircase to the Ecumenical Temple.
  4233 | Temple   | Entered the Ecumenical Temple
  4356 | D:4      | Found a hide-covered altar of Uskayaw.
  4472 | D:4      | Noticed Pikel
  4489 | D:4      | Killed Pikel
  4489 | D:4      | Reached skill level 5 in Dodging
  4489 | D:4      | Reached skill level 5 in Spellcasting
  4489 | D:4      | Reached XP level 8. HP: 42/46 MP: 2/15
  5155 | D:5      | Entered Level 5 of the Dungeon
  5169 | D:5      | Slain by an ice beast

Illustrated notes

Levels and vault maps discovered:
D:1:      onia_arrival_handbag, layout_loops_cross, minmay_misc_feat_columns
D:2:      layout_basic, marbit_many_paths, nicolae_overflow_crystal_walls,
          grunt_qazlal_sundering
D:3:      layout_loops_ring, xom_butterflies, lemuel_round_altar,
          nicolae_ru_awakened_eye, minivault_25, uniq_grinder, uniq_robin
D:4:      layout_loops_ring, eat_drink_and_be_merry_uskayaw,
          minmay_temple_entry_mist, serial_glass, glass_columns_b,
          glass_columns_b, hangedman_decor_points, uniq_edmund, uniq_pikel
D:5:      layout_cave_pools, lemuel_doored_altar, gammafunk_temple_overflow_wave
Temple:   kb_temple_of_zot

Skill      XL: |  1  2  3  4  5  6  7  8 |
---------------+-------------------------+-----
Dodging        | 3 4 5 |  5.6
Spellcasting   | 3 4 5 |  5.2
Ice Magic      | 5 6 |  6.6
Evocations     | 1 3 4 |  4.1
Stealth        | |  2.6

Action                   |  1- 3 |  4- 6 |  7- 9 || total
-------------------------+-------+-------+-------++-------
Melee: Unarmed           |    46 |       |       ||    46
       Constrict         |    12 |    11 |     3 ||    26
       Tentacles         |     9 |     6 |     7 ||    22
       Dagger            |       |    26 |       ||    26
       Falchion          |       |     5 |    17 ||    22
       Whip              |       |       |    12 ||    12
Throw: Throwing net      |       |     1 |     1 ||     2
 Cast: Freeze            |    33 |    25 |    27 ||    85
       Frozen Ramparts   |     1 |     8 |     8 ||    17
  Use: Scroll            |     2 |     2 |     3 ||     7
 Stab: Sleeping          |     9 |     1 |     1 ||    11
Armor: Skin              |     7 |     4 |       ||    11
Dodge: Dodged            |    59 |    36 |    30 ||   125
       Rpst.: Falchion   |       |     1 |     4 ||     5

Table legend: (Time is in decaauts)
 A = Elapsed time spent in this place.
 B = Non-inter-level travel time spent in this place.
 C = Inter-level travel time spent in this place.
 D = Time resting spent in this place.
 E = Time spent auto-exploring this place.
 F = Levels seen in this place.
 G = Mean time per level.
                   A        B        C        D        E       F      G
               +--------+--------+--------+--------+--------+-----+--------+
         Total |   5175 |   4957 |    218 |   1287 |   2851 |   6 |  862.5 |
       Dungeon |   5058 |   4855 |    203 |   1287 |   2750 |   5 | 1011.6 |
        Temple |    117 |    102 |     15 |      0 |    101 |   1 |  117.0 |
               +--------+--------+--------+--------+--------+-----+--------+

Top non-repeatable levels by time:
     D:4: 1963 daAuts
     D:2: 1364 daAuts
     D:1: 1092 daAuts
     D:3: 624 daAuts
  Temple: 117 daAuts
     D:5: 14 daAuts
